AoeStats
← dean03110206

Arena

504441414Analyzed
4v4 RM · 26d ago on Sep 5, 2026· 52m 51s· 8 players
Game mode
Random Map
Map size
Large (8 player)
Population
200
Speed
Normal
Resources
Standard
Victory
Conquest
Starting age
Dark Age
Ending age
Imperial Age
RankedLock teamsTeams togetherTeam positionsShared explorationLock speedFull tech treeHidden civsTurbo modeCheats
Victory
Defeat
🇹🇼 Celts · Taiwan
998
+17
🇨🇳 Turks · China
994
+17
🇨🇳 Persians · China
910
+20
🇦🇺 Huns · Australia
909
+20
🇫🇮 Hindustanis · Finland
1036
-20
🇪🇸 Franks · Spain
1021
-19
🇭🇰 Bohemians · Hong Kong SAR China
998
-18
🇬🇧 Britons · United Kingdom
977
-17
ImPacT_WiZarD
10:45 Feudal Age
16:05 Castle Age
16:05 Wheelbarrow
15:16 Double-Bit Axe
15:14 Horse Collar
17:26 Bow Saw
18:18 Hand Cart
18:37 Gold Mining
19:14 Stone Mining
24:31 Fletching
24:42 Padded Archer Armor
25:07 Elite Skirmisher
26:13 Leather Archer Armor
26:38 Ballistics
34:34 Imperial Age
35:01 Scale Barding Armor
35:06 Forging
35:27 Husbandry
34:48 Light Cavalry
35:44 Heavy Plow
37:33 Bodkin Arrow
38:08 Ring Archer Armor
38:04 Conscription
41:12 Gold Shaft Mining
41:35 Bracer
43:00 Yeomen
44:54 Chemistry
44:32 Iron Casting
44:17 Chain Barding Armor
44:05 Elite Longbowman
47:27 Blast Furnace
coolkelvin
1:09 Loom
10:25 Feudal Age
11:41 Loom
14:42 Castle Age
12:38 Horse Collar
13:11 Double-Bit Axe
15:32 Bow Saw
16:25 Fervor
17:17 Heavy Plow
21:13 Sanctity
22:00 Wheelbarrow
24:36 Hand Cart
29:17 Imperial Age
27:14 Forging
29:18 Chemistry
28:00 Treadmill Crane
28:31 Masonry
28:19 Pikeman
28:59 Squires
30:02 Ballistics
30:36 Conscription
31:23 Two-Man Saw
32:19 Fletching
33:04 Iron Casting
32:29 Scale Mail Armor
33:08 Siege Engineers
33:19 Padded Archer Armor
35:11 Chain Mail Armor
35:56 Blast Furnace
34:52 Bodkin Arrow
35:38 Man-at-Arms
35:44 Halberdier
36:12 Arson
37:22 Wagenburg Tactics
37:49 Leather Archer Armor
37:34 Elite Skirmisher
37:43 Capped Ram
39:08 Bracer
40:05 Hussite Reforms
41:29 Theocracy
41:09 Block Printing
40:55 Elite Hussite Wagon
44:12 Redemption
46:50 Ring Archer Armor
[BF] Mister Leo
0:56 Loom
12:23 Feudal Age
13:04 Double-Bit Axe
19:47 Castle Age
17:50 Gold Mining
18:09 Stone Mining
19:51 Scale Barding Armor
21:23 Husbandry
32:07 Imperial Age
30:53 Forging
32:10 Wheelbarrow
31:20 Town Watch
33:11 Bow Saw
33:38 Murder Holes
34:31 Cavalier
38:35 Chain Barding Armor
38:52 Iron Casting
38:53 Paladin
39:57 Pikeman
41:15 Ballistics
42:53 Conscription
43:01 Light Cavalry
44:45 Gold Shaft Mining
44:44 Hand Cart
44:33 Caravan
45:28 Plate Barding Armor
46:28 Blast Furnace
47:50 Elite Skirmisher
49:20 Padded Archer Armor
49:12 Fletching
51:43 Chivalry
52:05 Fortified Wall
Mozart
10:56 Feudal Age
9:42 Loom
15:18 Castle Age
13:24 Double-Bit Axe
14:05 Stone Mining
14:33 Horse Collar
16:31 Bow Saw
19:26 Gold Mining
20:47 Wheelbarrow
22:04 Heavy Plow
25:54 Gold Shaft Mining
25:54 Stone Shaft Mining
29:40 Imperial Age
27:32 Fletching
27:42 Padded Archer Armor
27:48 Scale Barding Armor
28:13 Ballistics
28:54 Bloodlines
28:45 Husbandry
29:17 Masonry
29:43 Hand Cart
31:23 Chemistry
30:42 Leather Archer Armor
31:59 Shatagni
32:34 Ring Archer Armor
37:18 Heavy Camel Rider
38:43 Siege Engineers
40:40 Forging
41:13 Chain Barding Armor
43:33 Imperial Camel Rider
43:56 Elite Skirmisher
48:12 Plate Barding Armor
50:28 Bodkin Arrow
51:11 Iron Casting
51:53 Town Watch
空定
0:59 Loom
11:47 Feudal Age
15:47 Castle Age
13:46 Double-Bit Axe
13:47 Horse Collar
15:11 Stone Mining
15:12 Gold Mining
24:56 Gold Mining
31:01 Imperial Age
29:09 Wheelbarrow
28:21 Town Watch
29:17 Heavy Plow
29:31 Padded Archer Armor
29:21 Fletching
32:00 Gold Shaft Mining
31:58 Bow Saw
32:16 Hand Cart
33:07 Leather Archer Armor
32:48 Bodkin Arrow
36:21 Ring Archer Armor
35:52 Bracer
41:53 Scale Barding Armor
41:59 Forging
43:41 Husbandry
43:51 Bloodlines
44:18 Town Patrol
48:59 Chain Barding Armor
48:40 Scale Mail Armor
49:16 Iron Casting
50:16 Plate Barding Armor
49:59 Arson
50:15 Squires
51:49 Cavalier
dean03110206
0:28 Loom
12:13 Feudal Age
16:27 Castle Age
18:54 Double-Bit Axe
24:52 Horse Collar
25:24 Bow Saw
26:20 Wheelbarrow
29:11 Fortified Wall
29:04 Heavy Plow
33:24 Imperial Age
31:10 Hand Cart
30:20 Pikeman
32:22 Forging
33:31 Heavy Scorpion
35:12 Chemistry
34:25 Onager
34:25 Capped Ram
35:45 Town Watch
37:12 Siege Ram
39:05 Halberdier
41:01 Scale Mail Armor
41:37 Iron Casting
40:52 Fletching
41:03 Padded Archer Armor
42:50 Elite Skirmisher
43:50 Furor Celtica
44:04 Siege Engineers
44:15 Gold Mining
44:45 Chain Mail Armor
44:36 Bodkin Arrow
45:41 Blast Furnace
44:56 Leather Archer Armor
月落星河
9:54 Feudal Age
11:50 Loom
15:59 Castle Age
14:04 Double-Bit Axe
14:26 Horse Collar
15:59 Gold Mining
16:03 Stone Mining
19:34 Bow Saw
19:39 Heavy Plow
22:12 Gold Shaft Mining
25:54 Wheelbarrow
28:26 Hand Cart
27:59 Town Watch
32:04 Imperial Age
30:31 Scale Barding Armor
30:41 Forging
31:03 Ballistics
30:40 Murder Holes
30:59 Masonry
32:14 Chain Barding Armor
32:48 Stone Shaft Mining
33:09 Conscription
34:19 Chemistry
34:11 Plate Barding Armor
34:12 Iron Casting
35:11 Two-Man Saw
34:46 Elite War Elephant
36:09 Citadels
35:40 Pikeman
37:31 Halberdier
38:11 Squires
39:37 Blast Furnace
38:38 Scale Mail Armor
38:39 Padded Archer Armor
38:29 Fletching
39:09 Heavy Scorpion
41:01 Crop Rotation
40:42 Thumb Ring
39:58 Elite Skirmisher
42:36 Bloodlines
42:26 Husbandry
41:47 Light Cavalry
43:35 Chain Mail Armor
43:36 Leather Archer Armor
43:17 Bodkin Arrow
44:49 Hussar
47:40 Capped Ram
49:23 Kamandaran
51:16 Plate Mail Armor
51:16 Ring Archer Armor
51:22 Ring Archer Armor
53:29 Devotion
only play blackforest map
0:30 Loom
11:02 Feudal Age
16:28 Castle Age
15:04 Double-Bit Axe
30:38 Imperial Age
29:23 Wheelbarrow
29:12 Fletching
29:23 Padded Archer Armor
29:54 Bodkin Arrow
29:45 Town Watch
29:56 Gold Mining
30:54 Hand Cart
31:23 Town Patrol
33:01 Chemistry
32:22 Ballistics
33:17 Conscription
34:09 Bracer
34:30 Murder Holes
35:31 Bow Saw
35:39 Leather Archer Armor
35:53 Parthian Tactics
36:30 Caravan
36:08 Heavy Cavalry Archer
39:03 Gold Shaft Mining
39:35 Elite Tarkan
40:19 Marauders
44:15 Masonry
47:32 Two-Man Saw
Connection lost

Rejoining the realm…

Still unreachable

The connection could not be restored.

Session expired

The server has moved on; the page needs a fresh start.